 Dungeon Crawl Stone Soup version bcrawl-1.12-5-g74a5124548 (webtiles) character file.

Game seed: 14276727348916185279

241 Arkanax the Covered (level 6, -10/51 HPs)
             Began as a Hill Orc Archaeologist on June 1, 2019.
             Was a Believer of Uskayaw.
             Killed by nerve-wracking pain
             ... invoked by Grinder
              (13 damage)
             ... on level 3 of the Dungeon.
             The game lasted 00:03:57 (2770 turns).

Arkanax the Covered (Hill Orc Archaeologist)        Turns: 2770, Time: 00:03:58

Health: -10/51     AC: 17    Str: 16    XL:     6   Next: 8%
Magic:  6/6        EV:  4    Int: 14    God:    Uskayaw [**....]
Gold:   234        SH:  6    Dex:  9    Spells: 5/5 levels left

rFire    . . .     SeeInvis .   l - +0 hand axe
rCold    . . .     Gourm    .   s - +0 shield
rNeg     . . .     Faith    .   k - +0 chain mail
rPois    .         Spirit   .   o - +2 hat
rElec    .         Reflect  .   (no cloak)
rCorr    .         Harm     .   d - +1 pair of gloves
MR       .....                  c - +1 pair of boots
Stlth    ..........             (no amulet)
HPRegen  0.17/turn              h - +1 ring of protection
MPRegen  0.10/turn              (no ring)

@: studying Armour
A: no striking features
a: Stomp, Line Pass, Renounce Religion


You were on level 3 of the Dungeon.
You worshipped Uskayaw.
Uskayaw was noncommittal.
You were not hungry.

You visited 1 branch of the dungeon, and saw 3 of its levels.

You collected 234 gold pieces.

Inventory:

Hand Weapons
 l - a +0 hand axe (weapon)
Armour
 a - a +1 robe
 b - a +1 hat
 c - a +1 pair of boots (worn)
 d - a +1 pair of gloves (worn)
 k - a +0 chain mail (worn)
 o - a +2 hat (worn)
 s - a +0 shield (worn)
Jewellery
 h - a +1 ring of protection (left hand)
Scrolls
 i - 2 scrolls of remove curse {unknown}
 j - 4 scrolls of identify {unknown}
 m - 2 scrolls of teleportation {unknown}
 p - a scroll of immolation {unknown}
 u - a scroll of blinking {unknown}
Potions
 n - a potion of curing {unknown}
 q - a potion of berserk rage {unknown}
 r - a potion of agility {unknown}
 t - a potion of mutation {unknown}
Books
 e - a manual of Armour
Miscellaneous
 f - an ancient crate
Comestibles
 g - 4 rations {!d}


   Skills:
 + Level 3.5 Fighting
   Level 3.5 Short Blades
   Level 3.5 Long Blades
   Level 3.5 Axes
   Level 3.5 Maces & Flails
   Level 3.5 Polearms
   Level 3.5 Staves
 + Level 6.0 Armour
 - Level 2.4 Dodging
 - Level 2.6 Stealth
   Level 3.5 Unarmed Combat


You had 5 spell levels left.
You didn't know any spells.
Your spell library was empty.

Dungeon Overview and Level Annotations

Branches:
Dungeon (3/12)

Altars:
Uskayaw

Annotations:
D:3 Grinder


Message History

Your chain mail prevents you from hitting Grinder.
Grinder is moderately wounded.
You block Grinder's attack.
You hit Grinder.
Grinder is heavily wounded.
Your shield prevents you from hitting the orc.
You block the orc's attack. You block Grinder's attack.
You completely miss Grinder.
Grinder is heavily wounded.
You closely miss the orc. Grinder gestures at you.
You suddenly lose the ability to move!
The orc hits you but does no damage. Grinder hits you but does no damage.
The orc hits you but does no damage.
You can move again.
You slash Grinder!
Grinder is severely wounded.
You hit the orc. Grinder gestures at you. Pain shoots through your body!
You die...

##.......##
###.........##.
.'.........'.
#.........#
#.......# #.....#
#o†.# #@# #5# #.#
##.## #####
########...#####...#
#..................#
#.######...#####...#
...# ##.## ##.##
#....# #.# #...


You could see Grinder and an orc.

Vanquished Creatures
  A phantom (D:3)
  A howler monkey (D:2)
  3 oozes
  4 worms
  5 dart slugs
  2 leopard geckos (D:2)
  A ball python (D:3)
  12 bats
  4 giant cockroaches
  3 goblins
  9 hobgoblins
  12 jackals
  2 kobolds
  A quokka (D:3)
  4 frilled lizards
  7 rats
71 creatures vanquished.

Vanquished Creatures (others)
  A plant (D:3)
1 creature vanquished.

Grand Total: 72 creatures vanquished

Notes
Turn   | Place    | Note
-------+----------+-------------------------------------------
     0 | D:1      | Arkanax the Hill Orc Archaeologist began the quest for the
                  | Orb.
     0 | D:1      | Reached XP level 1. HP: 15/15 MP: 1/1
    36 | D:1      | Reached skill level 1 in Fighting
   154 | D:1      | Reached XP level 2. HP: 21/23 MP: 2/2
   286 | D:1      | Reached XP level 3. HP: 24/30 MP: 3/3
   322 | D:1      | Reached skill level 1 in Armour
   659 | D:1      | Reached skill level 2 in Armour
   855 | D:2      | Reached XP level 4. HP: 30/37 MP: 4/4
   963 | D:2      | Reached skill level 3 in Armour
  1168 | D:2      | Found a hide-covered altar of Uskayaw.
  1217 | D:2      | Became a worshipper of Uskayaw the Reveler
  1354 | D:2      | Reached * piety under Uskayaw
  1358 | D:2      | Reached ** piety under Uskayaw
  1360 | D:2      | Reached skill level 4 in Armour
  1360 | D:2      | Reached XP level 5. HP: 44/45 MP: 5/5
  2210 | D:3      | Noticed a phantom
  2237 | D:3      | Reached *** piety under Uskayaw
  2485 | D:3      | Killed a phantom
  2485 | D:3      | Reached skill level 5 in Armour
  2485 | D:3      | Reached XP level 6. HP: 10/51 MP: 6/6
  2734 | D:3      | Noticed Grinder
  2749 | D:3      | Paralysed by Grinder for 2 turns
  2759 | D:3      | HP: 2/51 [Grinder/nerve-wracking pain (14)]
  2761 | D:3      | Reached skill level 6 in Armour
  2762 | D:3      | Paralysed by Grinder for 2 turns
  2764 | D:3      | HP: 2/51 [Grinder/nerve-wracking pain (1)]
  2768 | D:3      | Paralysed by Grinder for 2 turns
  2770 | D:3      | Killed from afar by Grinder

Skill      XL: |  1  2  3  4  5  6 |
---------------+-------------------+-----
Fighting       | 1 2 3 |  3.5
Armour         | 2 4 5 6 |  6.0
Short Blades   | |  3.5
Long Blades    | |  3.5
Axes           | |  3.5
Maces & Flails | |  3.5
Polearms       | |  3.5
Staves         | |  3.5
Dodging        | |  2.4
Stealth        | |  2.6
Unarmed Combat | |  3.5

Action                   |  1- 3 |  4- 6 || total
-------------------------+-------+-------++-------
Melee: Unarmed           |    93 |       ||    93
       Punch             |     2 |       ||     2
       Hand axe          |   116 |   258 ||   374
 Stab: Sleeping          |     1 |       ||     1
  Eat: Chunk             |       |     5 ||     5
       Ration            |       |     1 ||     1
Armor: Robe              |    36 |       ||    36
       Chain mail        |   212 |   161 ||   373
Dodge: Dodged            |   161 |    50 ||   211
Block: Shield            |       |    67 ||    67
